 Dungeon Crawl Stone Soup version 0.23-a0-619-g281719c (webtiles) character file.

14 zishaf the Conjurer (level 2, 0/16 HPs)
             Began as a Tengu Conjurer on Dec 22, 2018.
             Slain by a hobgoblin
             ... wielding a +0 club
              (4 damage)
             ... on level 1 of the Dungeon.
             The game lasted 00:01:15 (552 turns).

zishaf the Conjurer (Tengu Conjurer)                 Turns: 552, Time: 00:01:16

Health: 0/16       AC:  2    Str:  8    XL:     2   Next: 45%
Magic:  0/6        EV: 13    Int: 15    God:
Gold:   5          SH:  0    Dex: 14    Spells: 4/5 levels left

rFire    . . .     SeeInvis .   (no weapon)
rCold    . . .     Gourm    .   (no shield)
rNeg     . . .     Faith    .   a - +0 robe
rPois    .         Spirit   .   (helmet restricted)
rElec    .         Reflect  .   (no cloak)
rCorr    .         Harm     .   (no gloves)
MR       .....                  (boots unavailable)
Stlth    ++........             (no amulet)
HPRegen  0.05/turn              (no ring)
MPRegen  0.10/turn              (no ring)

@: very slightly contaminated
A: beak, talons 3
a: no special abilities


You were on level 1 of the Dungeon.
You were not hungry.

You visited 1 branch of the dungeon, and saw 1 of its levels.

You collected 5 gold pieces.

Inventory:

Armour
 a - a +0 robe (worn)
Scrolls
 e - a scroll of noise {unknown}
 f - a scroll of remove curse {unknown}
Potions
 b - a potion of heal wounds {unknown}
 d - a potion of resistance {unknown}
Comestibles
 c - 3 rations


   Skills:
 + Level 1.0 Fighting
 + Level 2.6 Dodging
 - Level 2.0 Stealth
 - Level 2.0 Spellcasting
 + Level 5.6 Conjurations


You had 4 spell levels left.
You knew the following spells:

 Your Spells              Type           Power        Failure   Level  Hunger
a - Magic Dart            Conj           ###.         2%          1    #......

Your spell library contained the following spells:

 Spells                   Type           Power        Failure   Level  Hunger
 Searing Ray              Conj           ###...       3%          2    ###....
 Dazzling Spray           Conj/Hex       #.....       22%         3    ###....
 Iskenderun's Mystic Bla  Conj           ###.....     22%         4    #####..
 Force Lance              Conj/Tloc      #.......     56%         4    #####..
 Fulminant Prism          Conj/Hex       #.........   56%         4    #####..


Dungeon Overview and Level Annotations

Branches:
Dungeon (1/15)

Altars:


Innate Abilities, Weirdness & Mutations

You have a beak for a mouth.
You have claws for feet.


Message History

The kobold closely misses you.
You hit the kobold.
You kill the kobold!
You hit the rat but do no damage. The rat bites you.
You closely miss the rat. Your kick misses the rat. The rat barely misses you.
You hit the rat. You claw the rat.
You kill the rat!
Casting: Magic Dart (safe; 2% risk of failure)
Confirm with . or Enter, or press ? or * to list all spells.
Aiming: Magic Dart (safe; 2% risk of failure)
Press: ? - help, Shift-Dir - straight line, f - hobgoblin
Aim: a hobgoblin, wielding a +0 club The magic dart hits the hobgoblin.
The hobgoblin is lightly wounded.
The hobgoblin hits you with a +0 club.
* * * LOW HITPOINT WARNING * * *
You barely miss the hobgoblin. Your kick misses the hobgoblin.
The hobgoblin is lightly wounded.
The hobgoblin hits you with a +0 club.
You die...

#.≈≈≈§≈.≈≈≈≈≈ ..............
..≈§§≈≈.≈≈≈≈≈ #.
#.§###≈§≈###≈ #. ####### #.≈
#§.≈# #≈ #. ##......
#.§###≈§§###§ #. ... ..#
#.≈≈§≈≈.≈≈§§§ # #. #.# #.#
#....§.......
...###.###.###@#
###.#######.#
....(........#g# #.#######.#
......K.#..r...# #..........
.......#...#.#.# #.#########
......h##..#.#.######.#######
r....h.#...#.#.#............#
........#..#.....###..#####.#
.................# #..# #.###
###>##.##.##.....###..# #....


You could see a hobgoblin.

Vanquished Creatures
  An ooze (D:1)
  3 jackals (D:1)
  A kobold (D:1)
  3 bats (D:1)
  A frilled lizard (D:1)
  2 rats (D:1)
11 creatures vanquished.

Notes
Turn   | Place    | Note
-------+----------+-------------------------------------------
     0 | D:1      | zishaf the Tengu Conjurer began the quest for the Orb.
     0 | D:1      | Reached XP level 1. HP: 10/10 MP: 4/4
   254 | D:1      | Reached XP level 2. HP: 9/16 MP: 6/6
   543 | D:1      | Reached skill level 1 in Fighting
   552 | D:1      | Slain by a hobgoblin

Vault maps used:
D:1:      minmay_arrival_floating_metal, kennysheep_boxes

Skill      XL: |  1  2 |
---------------+-------+-----
Fighting       | 1 |  1.0
Dodging        | |  2.6
Stealth        | |  2.0
Spellcasting   | |  2.0
Conjurations   | |  5.6

Action                   || total
-------------------------++-------
Melee: Unarmed           ||    29
       Kick              ||     7
       Peck              ||     5
 Cast: Magic Dart        ||    11
Armor: Robe              ||     8
Dodge: Dodged            ||    26

Table legend:
 A = Non-vault XP
 B = Vault XP
 C = Vault XP percentage of total XP
 D = Non-vault monster count
 E = Vault monster count
 F = Vault count percentage of total count
                 A         B        C        D         E       F
            +---------+---------+-------+---------+---------+-------
      Total |      21 |       0 |   0.0 |      11 |       0 |   0.0
            +---------+---------+-------+---------+---------+-------
        D:1 |      21 |       0 |   0.0 |      11 |       0 |   0.0
            +---------+---------+-------+---------+---------+-------
